[Event "*** Titled Tuesday Blitz"]
[Site "Chess.com"]
[Date "2020.04.21"]
[Round "8"]
[White "DanilNajdin"]
[Black "starworld123"]
[Result "1-0"]
[WhiteElo "2416"]
[BlackElo "2624"]
[TimeControl "180+1"]
[EndTime "11:39:32 PDT"]
[Termination "DanilNajdin won by checkmate"]

1. d4 Nf6 2. c4 e6 3. Nc3 Bb4 4. e3 O-O 5. Bd3 b6 6. Ne2 Bb7 7. O-O c5 8. a3 Bxc3 9. Nxc3 cxd4 10. exd4 h6 11. d5 exd5 12. Nxd5 Nxd5 13. cxd5 Bxd5 14. Bb1 Be6 15. Qd3 f5 16. Qg3 Qf6 17. Bf4 Nc6 18.
Bd3 Kh8 19. Rac1 Rac8 20. Rfe1 Rfe8 21. h4 Bd5 22. b4 Be4 23. Bxe4 Rxe4 24. Rxe4 fxe4 25.
b5 Ne7 26. Rxc8+ Nxc8 27. Be5 Qf7 28. Qe3 Qe6 29. Qc3 Qg8 30. Qc7 Qe8 31. Qc3 Qf8 32. h5 Ne7 33. Bd6 Qe8 34. Qe5 Qf7 35. Qxe7 Qf5 36.
Qf8+ Qxf8 37. Bxf8 d5 38. Kf1 Kg8 39. Bd6 Kf7 40.
Bb8 Ke7 41. Bxa7 Kd6 42. Bxb6 Kd7 43. Bd4 Kc8 44. Bxg7 Kb7 45. Bxh6 d4 46. Bg7 d3 47. Ke1 Kb6 48. h6 Kxb5 49. h7 Kc4 50. Kd2 Kb3 51. h8=Q Ka2 52. Qb8 e3+ 53. fxe3 Kxa3 54. Bc3 Ka4 55.
Qb4# 1-0

[Event "*** Titled Tuesday Blitz"]
[Site "Chess.com"]
[Date "2020.04.21"]
[Round "8"]
[White "Muracle"]
[Black "Jumbo"]
[Result "1-0"]
[WhiteElo "2647"]
[BlackElo "2827"]
[TimeControl "180+1"]
[EndTime "11:39:34 PDT"]
[Termination "Muracle won on time"]

1. Nf3 Nf6 2. g3 d5 3. Bg2 c6 4. O-O Bg4 5. c4 e6 6. cxd5 exd5 7. d3 Bc5 8. h3 Bh5 9. g4 Bg6 10.
Ne5 Nfd7 11. d4 Bb6 12. Nxg6 hxg6 13. Nc3 Nf6 14. Bg5 Nbd7 15. e4 dxe4 16. Nxe4 O-O 17. Rc1 Bc7 18. Re1 Qb8 19. Bxf6 Nxf6 20. Nxf6+ gxf6 21. d5 c5 22. Rxc5 Be5 23. Qb3 Qd6 24. Rc4 Rab8 25.
Re2 Rfd8 26. Qe3 Re8 27. Qd3 Kg7 28. b3 Rbd8 29. Kf1 Re7 30. Qf3 Rc7 31. Rec2 Rxc4 32. Rxc4 Qa6 33. Qe2 Rd7 34. f4 Bd6 35. f5 g5 36. Re4 Qb6 37. h4 Bf4 38. hxg5 Bxg5 39. Re7 Rd6 40. a4 Qd4 41. Rxb7 Bh4 42. Bf3 Qa1+ 43. Kg2 Qd4 44. g5 Bxg5 45. Bh5 Kh6 46. Bxf7 Qh4 47. Bg6 1-0

[Event "*** Titled Tuesday Blitz"]
[Site "Chess.com"]
[Date "2020.04.21"]
[Round "8"]
[White "GadimbayliA"]
[Black "ArnaudovP"]
[Result "1/2-1/2"]
[WhiteElo "2908"]
[BlackElo "2637"]
[TimeControl "180+1"]
[EndTime "11:39:35 PDT"]
[Termination "Game drawn - insufficient material"]

1. e4 c6 2. Nf3 d5 3. exd5 cxd5 4. Ne5 Nc6 5. d4 e6 6. Bb5 a6 7. Nxc6 Qc7 8. Na7+ Bd7 9. Bxd7+ Qxd7 10. O-O Rxa7 11. a4 Bd6 12. Be3 Ra8 13. g3 h5 14. c4 dxc4 15.
Nd2 Rc8 16. Rc1 b5 17. Ne4 Ne7 18. axb5 axb5 19. b3 Nd5 20. bxc4 bxc4 21. Qe2 c3 22. Qd3 Qc6 23. Nc5 Bxc5 24. dxc5 h4 25. Bd4 hxg3 26.
fxg3 O-O 27. Qe2 f6 28. Qg4 e5 29. Bf2 Rfe8 30. Qc4 Qe6 31. Rfd1 Nf4 32. Rxc3 Qxc4 33. Rxc4 Nh3+ 34. Kg2 Nxf2 35. Kxf2 Re6 36. Rd7 Rec6 37. Rg4 g5 38. h4 Rxc5 39. hxg5 f5 40. Rh4 Rc2+ 41.
Ke3 R8c3+ 42. Rd3 Rxd3+ 43. Kxd3 Rg2 44. Kc4 Kg7 45. Kd5 Kg6 46. Kxe5 Kxg5 47. Rh8 Re2+ 48.
Kd4 Kg4 49. Rg8+ Kf3 50. Kd5 Re4 51. Rg5 f4 52. Rf5 Ke3 53. Rxf4 Rxf4 54. gxf4 Kxf4 1/2-1/2

[Event "*** Titled Tuesday Blitz"]
[Site "Chess.com"]
[Date "2020.04.21"]
[Round "8"]
[White "Forantes"]
[Black "aaronmaster123"]
[Result "0-1"]
[WhiteElo "2424"]
[BlackElo "2311"]
[TimeControl "180+1"]
[EndTime "11:39:35 PDT"]
[Termination "aaronmaster123 won by resignation"]

1. Nf3 d5 2. g3 Nf6 3. Bg2 g6 4. O-O Bg7 5. d4 O-O 6. c4 dxc4 7. Nc3 b6 8. Ne5 c6 9. Nxc6 Nxc6 10. Bxc6 Bh3 11. Bf3 Bxf1 12. Bxa8 Bxe2 13. Qxe2 Qxa8 14. Qxc4 e6 15. Bg5 Ne4 16. Be3 Rc8 17. Qd3 Nxc3 18. bxc3 Qd5 19. a4 Qc4 20. Qxc4 Rxc4 21. Bd2 Bf8 22.
a5 b5 23. a6 Ra4 24. Rb1 b4 25. c4 Rxa6 26. Bxb4 Rb6 27. c5 Rb8 28. Rb2 a5 29. Ba3 Rxb2 30. Bxb2 Be7 31. Kf1 Kf8 32. Ke2 Ke8 33.
Kd3 Kd7 34. Kc4 Kc6 35. Bc3 Bd8 36. f4 h5 37. Bd2 Bc7 38. Be3 Bd8 39. Bd2 h4 40.
Be1 h3 41. Bd2 Bc7 42. Be1 f6 43. Bd2 Bd8 44. Be1 g5 45. fxg5 fxg5 46. Bd2 g4 47. Bf4 Bf6 48. Be3 Be7 49. Bf4 Bd8 50. Be5 Bg5 51. Bd6 Be3 52. Be5 Bg1 53. Kb3 Bxh2 54.
Ka4 Bg1 55. Kxa5 h2 0-1

[Event "*** Titled Tuesday Blitz"]
[Site "Chess.com"]
[Date "2020.04.21"]
[Round "8"]
[White "eldidi20"]
[Black "pooh2012"]
[Result "0-1"]
[WhiteElo "2194"]
[BlackElo "2490"]
[TimeControl "180+1"]
[EndTime "11:39:37 PDT"]
[Termination "pooh2012 won by resignation"]

1. e4 c6 2. d4 d5 3. e5 Bf5 4. Nf3 e6 5. Be2 Nd7 6. O-O Bg6 7. c4 dxc4 8. Bxc4 Nb6 9. Be2 Nh6 10. Bxh6 gxh6 11. Nc3 Bg7 12. Qb3 O-O 13. a4 a5 14.
Rad1 Qc7 15. Rfe1 Rfd8 16. Rd2 Rd7 17. Red1 Rad8 18. h3 Nd5 19. Bc4 Nb4 20. Kf1 Bh5 21. g4 Bg6 22. Ke2 h5 23. Nh4 hxg4 24. Nxg6 hxg6 25.
hxg4 Bxe5 26. Bxe6 Rxd4 27. Rxd4 Bxd4 28. Rxd4 Rxd4 29.
Bc4 Qe5+ 30. Kf1 Qf4 31. Ne2 Qxg4 32. Nxd4 Qxd4 33. Bxf7+ Kg7 34. Bg8 Qd3+ 35. Kg2 Qxb3 36. Bxb3 Nd3 37. Bc2 Nxb2 38. Kf3 b5 39. axb5 cxb5 40.
Ke3 a4 41. Kd2 b4 42. Kc1 a3 43. Bb3 Nd3+ 44. Kd2 Nc5 45. Bc4 Kf6 46. Kc2 Ke5 47. Bf7 g5 48. Bg8 Kf4 49. Bd5 Ke5 50. Bf7 Kd4 51. Bg8 Nd3 52. Bf7 Nxf2 53. Kb3 Kc5 54.
Be6 Ne4 55. Bf5 Nd2+ 56. Kc2 Nc4 57. Be6 Ne3+ 58. Kc1 Kd4 59. Bb3 Kc3 60. Be6 Nc4 61.
Kb1 b3 62. Bf5 a2+ 63. Kc1 0-1

[Event "*** Titled Tuesday Blitz"]
[Site "Chess.com"]
[Date "2020.04.21"]
[Round "8"]
[White "Akhayan"]
[Black "harkerchess"]
[Result "1-0"]
[WhiteElo "2248"]
[BlackElo "1949"]
[TimeControl "180+1"]
[EndTime "11:39:37 PDT"]
[Termination "Akhayan won by checkmate"]

1. d4 d5 2. Nf3 Nf6 3. g3 c5 4. Bg2 Nc6 5. O-O Bg4 6. Ne5 Bd7 7. c4 cxd4 8. Nxd7 Qxd7 9. cxd5 Nxd5 10. e3 e5 11.
exd4 exd4 12. Re1+ Be7 13. Bg5 f6 14. Qh5+ g6 15. Qh6 fxg5 16. Qg7 O-O-O 17. Nd2 Bb4 18. Qxd7+ Rxd7 19. Red1 Kc7 20. Rac1 Kb8 21. Ne4 Re8 22. Nxg5 Re5 23. h4 h6 24. Bh3 Rde7 25. Nf3 Re2 26.
Nxd4 Rxb2 27. Rxc6 bxc6 28. Nxc6+ Kc7 29. Nxe7 Nxe7 30.
Rd7+ Kb6 31. Bg2 Rd2 32. Rb7+ Kc5 33. Rxe7 Rxa2 34. Re6 a5 35. Rc6+ Kd4 36. Rxg6 a4 37.
Ra6 a3 38. Bh3 Be1 39. Bf5 Bxf2+ 40. Kg2 Be3+ 41. Kf3 Rf2+ 42. Kg4 a2 43. Be6 Rf6 44. Ra4+ Ke5 45. Bxa2 Rg6+ 46. Kf3 Bd4 47. Ra5+ Kf6 48. Bb1 Rg8 49. Ra6+ Kg7 50. Rg6+ Kf7 51. Rxh6 Rb8 52. Bd3 Be5 53. g4 Rb3 54. Ke4 Bg7 55. Ra6 Rb4+ 56.
Kf3 Rd4 57. Be4 Bf6 58. g5 Be7 59. Ra7 Rd1 60. Kg4 Rg1+ 61. Kh5 Rh1 62. Bd5+ Kf8 63.
Ra8+ Kg7 64. Rg8+ Kh7 65. g6# 1-0

[Event "*** Titled Tuesday Blitz"]
[Site "Chess.com"]
[Date "2020.04.21"]
[Round "8"]
[White "The_Chess_Coach"]
[Black "BrizuelaReivis"]
[Result "0-1"]
[WhiteElo "2137"]
[BlackElo "2268"]
[TimeControl "180+1"]
[EndTime "11:39:38 PDT"]
[Termination "BrizuelaReivis won on time"]

1. d4 d5 2. c4 e6 3. Nc3 c5 4.
cxd5 cxd4 5. Qxd4 Nc6 6. Qd1 exd5 7. Nf3 Nf6 8. g3 Be7 9. Bg2 O-O 10. O-O h6 11. b3 Ne4 12. Bb2 Bf6 13. Rc1 Be6 14.
Qc2 Nb4 15. Qb1 Bf5 16. Qa1 Rc8 17. Nxe4 Bxb2 18. Qxb2 Bxe4 19. Nd4 Qe7 20. Rfd1 Nc6 21.
Bh3 Rc7 22. Nb5 Rcc8 23. Bxc8 Rxc8 24. Nd4 Re8 25. Qd2 Ne5 26. f3 Bg6 27. Rc5 Rd8 28. Rdc1 Nc4 29. Qb4 Qe3+ 30. Kg2 Qxc1 31. bxc4 dxc4 32.
Rxc4 Qe3 33. Qb3 Qxb3 34. axb3 b6 35. e4 Rd7 36. Kf2 Kh7 37. Ke3 h5 38. f4 f6 39.
Rc6 Bf7 40. e5 fxe5 41. fxe5 Re7 42. Ke4 h4 43. Nf5 Re6 44. Rc7 Bg6 45. Rxg7+ Kh8 0-1

[Event "*** Titled Tuesday Blitz"]
[Site "Chess.com"]
[Date "2020.04.21"]
[Round "8"]
[White "CookiesAndIceCream"]
[Black "ALEXJR20"]
[Result "1-0"]
[WhiteElo "2376"]
[BlackElo "2214"]
[TimeControl "180+1"]
[EndTime "11:39:39 PDT"]
[Termination "CookiesAndIceCream won by checkmate"]

1. e4 d5 2. exd5 Qxd5 3. Nc3 Qa5 4. d4 Nf6 5. Nf3 Bf5 6. Bc4 e6 7. Bd2 c6 8. Nd5 Qd8 9. Nxf6+ gxf6 10. Bb3 Bd6 11. Qe2 Nd7 12. O-O-O Qc7 13. Nh4 Bg6 14. g3 O-O-O 15. Kb1 Nb6 16. f4 Rhe8 17. f5 exf5 18. Qf3 Qd7 19. Rhf1 Bc7 20. Bc1 Kb8 21. a3 Nd5 22.
Nxf5 Bxf5 23. Qxf5 Re6 24. Qxh7 Rde8 25. Qf5 Qe7 26. h4 Re2 27. g4 Ne3 28. Bxe3 Qxe3 29. Bxf7 Re7 30. Bc4 Rh2 31. h5 a5 32. Qxf6 b5 33.
Bd3 Kb7 34. Rfe1 Qxe1 35. Rxe1 Rxe1+ 36. Ka2 a4 37. d5 Rhh1 38. Qxc6+ Kc8 39. Bf5+ Kb8 40.
Qxb5+ Ka7 41. Qxa4+ Kb7 42. Qb5+ Ka7 43. Bd7 Bb6 44. Bc6 Ra1+ 45. Kb3 Rh3+ 46. c3 Rb1 47. Qa4+ Kb8 48. Qa8+ Kc7 49. Qb7+ Kd6 50. Qxb6 Rh2 51. Qd8+ Kc5 52. Qa5+ Kd6 53. Qb4+ Kc7 54. Qf4+ Kb6 55. Qxh2 Re1 56. Qf2+ Ka6 57. Qxe1 Ka5 58. Ka2 Ka6 59. Qe8 Ka5 60. Qb8 Ka6 61. Qb5+ Ka7 62. Qb7# 1-0

[Event "*** Titled Tuesday Blitz"]
[Site "Chess.com"]
[Date "2020.04.21"]
[Round "8"]
[White "ChessQueen"]
[Black "Hanging_pointer"]
[Result "1-0"]
[WhiteElo "2759"]
[BlackElo "2614"]
[TimeControl "180+1"]
[EndTime "11:39:40 PDT"]
[Termination "ChessQueen won by resignation"]

1. e4 c6 2. c4 d5 3. cxd5 cxd5 4. exd5 Nf6 5. Nc3 g6 6. Bc4 Bg7 7. Nf3 O-O 8. O-O Nbd7 9. d3 a6 10. a4 b6 11. Bg5 Bb7 12. Re1 Re8 13. Nd4 Rc8 14.
Nc6 Bxc6 15. dxc6 Rxc6 16. Bxa6 h6 17. Be3 Rd6 18. Bb5 Rf8 19. Bf4 Rd4 20. Ne2 Rd5 21.
Bc4 Rf5 22. Be3 Ng4 23. Ng3 Nxe3 24. fxe3 Rc5 25. Qe2 Rc7 26. d4 e5 27. Rad1 Qh4 28. Qd3 e4 29. Qf1 Nf6 30. b3 Ng4 31. h3 Qxg3 32. hxg4 Qxg4 33. Qf4 Qxf4 34. exf4 Re7 35. d5 Rd8 36. d6 Red7 37. Rxe4 Rxd6 38. Rxd6 Rxd6 39. Re7 Rf6 40. g3 h5 41. Kg2 h4 42.
b4 hxg3 43. Kxg3 Bh6 44. Re4 Bf8 45. a5 bxa5 46. bxa5 Bd6 47. Kg4 Bc5 48. a6 Kg7 49. Re5 Bb6 50. Ra5 Ba7 51. Rd5 Rc6 52. Bb3 Rc7 53.
Rb5 Bg1 54. Bd5 Bf2 55. Bb7 Bg1 56. Rb1 Be3 57. Rb4 Ba7 58. Kf3 Bc5 59. Rc4 Bb6 1-0

[Event "*** Titled Tuesday Blitz"]
[Site "Chess.com"]
[Date "2020.04.21"]
[Round "8"]
[White "krasavetc"]
[Black "Jadro9"]
[Result "0-1"]
[WhiteElo "2494"]
[BlackElo "2711"]
[TimeControl "180+1"]
[EndTime "11:39:41 PDT"]
[Termination "Jadro9 won by resignation"]

1. e4 e5 2. Nf3 Nc6 3. Bb5 a6 4. Bxc6 dxc6 5. d4 exd4 6. Qxd4 Bg4 7. Qxd8+ Rxd8 8. Bg5 f6 9. Be3 Bxf3 10. gxf3 Bd6 11. Ke2 Ne7 12. Nd2 Ng6 13. Nc4 Bf4 14. Na5 O-O 15. Rad1 Rxd1 16. Kxd1 c5 17. Nxb7 Rb8 18.
Nxc5 Rxb2 19. Kd2 Bd6 20. a3 Ne5 21. Kc3 Rb5 22. Nxa6 Ra5 23. Nb8 Rxa3+ 24. Kd2 Ra8 25. Rb1 Nxf3+ 26. Kc3 Nxh2 27. Nc6 Ng4 28. Bd4 h5 29. f3 Nh2 30. Rh1 Nxf3 31. Rxh5 Ra3+ 32. Kc4 Kf7 33. Bb2 Ra4+ 34. Kd3 Ne1+ 35. Kd2 Rxe4 36. Nd8+ Kg6 37. Rh8 Nf3+ 38. Kd3 Re1 39.
Bc3 Re7 40. Nc6 Re6 41. Nd8 Re7 42. Nc6 Rd7 43. Ke3 Ng5 44. Nb8 Bc5+ 45. Ke2 Re7+ 46. Kd3 Re3+ 47. Kc4 Bd6 48. Nc6 Ne4 49. Bd4 Re1 50. c3 Nd2+ 51. Kd3 Nf3 52. Nd8 Nxd4 53. cxd4 Kf5 54. Rh5+ g5 55. Rh6 g4 56. Rh5+ Kf4 57.
Nf7 g3 58. Nh6 g2 59. Rf5+ Kg3 60. Rxf6 g1=Q 61. Rg6+ Kf4 62. Rxg1 Rxg1 63. Nf7 Rg8 64. Nxd6 cxd6 0-1

[Event "*** Titled Tuesday Blitz"]
[Site "Chess.com"]
[Date "2020.04.21"]
[Round "8"]
[White "Ginger_GM"]
[Black "sergeikim"]
[Result "1-0"]
[WhiteElo "2586"]
[BlackElo "2432"]
[TimeControl "180+1"]
[EndTime "11:39:41 PDT"]
[Termination "Ginger_GM won by resignation"]

1. e4 e5 2. Nc3 Nf6 3. f4 d5 4. fxe5 Nxe4 5. d3 Nxc3 6. bxc3 c5 7. Nf3 Be7 8. Be2 Nc6 9. O-O O-O 10. Qe1 Bf5 11. Qg3 Bg6 12. h4 d4 13. c4 Qd7 14.
Bf4 Rae8 15. Rae1 f6 16. Bd1 fxe5 17. Nxe5 Nxe5 18. Bxe5 Rxf1+ 19. Rxf1 Bxh4 20. Qf4 Be7 21. Bg4 Qc6 22. Bf3 Qd7 23. Bd5+ Kh8 24. Rf3 Qd8 25. Bxb7 Rf8 26. Qg3 Rxf3 27. Bxf3 Bg5 28. Bd5 Be3+ 29.
Kh2 Qf8 30. Be4 Bxe4 31. dxe4 h6 32. Qg4 Kh7 33. Qf5+ Qxf5 34. exf5 g6 35. f6 Kg8 36.
Kg3 Kf7 37. Kf3 Ke6 38. Ke4 Bg5 39. Bb8 Bxf6 40. Bxa7 Be7 41. a4 h5 42. a5 Bd6 43. a6 g5 44. Bb6 Bb8 45. a7 Bxa7 46. Bxa7 h4 47. Bb8 g4 48. Bf4 h3 49. gxh3 gxh3 50. Bg3 Kf6 51. Kd5 Kf5 52. Kxc5 Ke4 53. Bc7 Kf3 54. Kxd4 Kf2 55. c5 Ke2 56. c6 Kd2 57. c4 Kc2 58. Bh2 Kb3 59. c7 1-0

[Event "*** Titled Tuesday Blitz"]
[Site "Chess.com"]
[Date "2020.04.21"]
[Round "8"]
[White "Kosche007"]
[Black "Stormeman100100"]
[Result "1/2-1/2"]
[WhiteElo "2323"]
[BlackElo "2445"]
[TimeControl "180+1"]
[EndTime "11:39:41 PDT"]
[Termination "Game drawn by repetition"]

1. e4 c5 2. Nf3 Nc6 3. d4 cxd4 4. Nxd4 Nf6 5. Nc3 e5 6. Ndb5 d6 7. Bg5 a6 8. Na3 b5 9. Nd5 Be7 10. Bxf6 Bxf6 11. c3 Bg5 12. Nc2 Rb8 13. g3 Ne7 14. Ncb4 Bb7 15. h4 Bh6 16. Bg2 O-O 17. O-O a5 18.
Nxe7+ Qxe7 19. Nd5 Bxd5 20. Qxd5 Rfc8 21. Rfd1 g6 22.
Qxd6 Qxd6 23. Rxd6 b4 24. Bh3 Rc4 25. Bf1 Rc5 26.
c4 a4 27. Rad1 b3 28. a3 Kg7 29. Be2 Ra8 30. Kf1 Rac8 31. Ra6 Rxc4 32. Bxc4 Rxc4 33.
Ra5 Rc2 34. Rb1 Rc4 35. Rxe5 Bc1 36. Ke2 Rc2+ 37. Kf3 Bxb2 38. Ra5 Bxa3 39. Rxa4 Bc5 40. Rxb3 Rxf2+ 41. Kg4 h5+ 42. Kh3 Re2 43. Rf3 Bg1 44.
g4 hxg4+ 45. Kxg4 Bc5 46. Rc4 Bd6 47. Kh3 Rh2+ 48. Kg4 Rg2+ 49. Kh3 Re2 50. Rd4 Be5 51.
Rd7 Rh2+ 52. Kg4 Rg2+ 53. Kh3 Rh2+ 54. Kg4 Rg2+ 55. Kh3 Rh2+ 1/2-1/2

[Event "*** Titled Tuesday Blitz"]
[Site "Chess.com"]
[Date "2020.04.21"]
[Round "8"]
[White "Treacherous_horse64"]
[Black "inegrepus"]
[Result "0-1"]
[WhiteElo "2407"]
[BlackElo "2295"]
[TimeControl "180+1"]
[EndTime "11:39:42 PDT"]
[Termination "inegrepus won by resignation"]

1. d4 Nf6 2. Nf3 d5 3. c4 dxc4 4.
e3 e6 5. Bxc4 a6 6. Be2 c5 7.
O-O cxd4 8. Nxd4 Be7 9. a3 O-O 10. b4 Qb6 11. Bb2 Nc6 12. Nxc6 Qxc6 13. Bf3 Qb6 14.
Bd4 Qc7 15. Nd2 Bd7 16. Rc1 Bc6 17. Nb3 Rad8 18. Qc2 Nd5 19. Na5 Rc8 20. Qb2 f6 21. Be2 Qd7 22. Nxc6 Rxc6 23. Rxc6 Qxc6 24. Rc1 Qd7 25.
Qc2 Bd6 26. Bc4 Bb8 27. g3 Rc8 28. Qa2 b5 29. Kg2 bxc4 30. Rxc4 Rxc4 31. Qxc4 Qb7 32. e4 Nc7 33. f3 Kf7 34. Bc5 Nb5 35. Qd3 Ba7 36. a4 Bxc5 37. axb5 Qxb5 38. Qxb5 axb5 39. bxc5 b4 40. c6 Ke7 41. c7 Kd7 42. e5 fxe5 43.
f4 exf4 44. gxf4 b3 45. f5 exf5 46. c8=Q+ Kxc8 47. Kg3 b2 48. Kf4 b1=Q 49. Ke5 Qe4+ 50. Kd6 f4 51. Kc5 f3 52. h4 f2 53. h5 f1=Q 54. Kd6 Qfd3+ 0-1

[Event "*** Titled Tuesday Blitz"]
[Site "Chess.com"]
[Date "2020.04.21"]
[Round "8"]
[White "ChadBiryani"]
[Black "MisiekZielony"]
[Result "1-0"]
[WhiteElo "2372"]
[BlackElo "2071"]
[TimeControl "180+1"]
[EndTime "11:39:43 PDT"]
[Termination "ChadBiryani won on time"]

1. d4 d5 2. Bf4 c6 3. Nc3 Bf5 4. f3 e6 5. e4 Bg6 6. Bd3 Bb4 7. Ne2 dxe4 8. fxe4 c5 9. Bb5+ Nd7 10. O-O a6 11.
Bd3 cxd4 12. Nxd4 Bc5 13. Be3 Ne5 14. Nf5 Bxe3+ 15. Nxe3 Qb6 16. Qd2 Nf6 17. h3 Rd8 18. Qe2 Qxb2 19. Qd2 Qb6 20. Qe2 O-O 21. Rab1 Qc7 22.
Na4 b5 23. Nb2 Qc5 24. Kh2 Rd7 25. a4 Rb8 26. axb5 axb5 27. Rfd1 b4 28. Nf1 Rbd8 29.
Ng3 h5 30. Kh1 h4 31. Nf1 Qc3 32. Na4 Qc6 33. Nb2 Nxe4 34. Bxe4 Bxe4 35. Ne3 Rxd1+ 36. Rxd1 Rc8 37. Rd2 Qc5 38. Nbd1 f5 39. Nf1 Qc4 40. Qe1 Nc6 41. Nde3 Qc5 42. Qd1 Ne5 43. Rd8+ Rxd8 44.
Qxd8+ Kf7 45. Qxh4 Qd4 46. Qe1 Qc3 47. Qe2 Nc6 48.
Nd1 Qc5 49. Qh5+ Ke7 50. Qg5+ Kd6 51. Nfe3 Qd4 52. Qg3+ 1-0

[Event "*** Titled Tuesday Blitz"]
[Site "Chess.com"]
[Date "2020.04.21"]
[Round "8"]
[White "Noghay"]
[Black "mbachez"]
[Result "0-1"]
[WhiteElo "2580"]
[BlackElo "2458"]
[TimeControl "180+1"]
[EndTime "11:39:44 PDT"]
[Termination "mbachez won on time"]

1. d4 Nf6 2. c4 Nc6 3. Nf3 e6 4. g3 Bb4+ 5. Bd2 a5 6. Bg2 O-O 7. O-O Bxd2 8. Qxd2 d6 9. Nc3 e5 10. d5 Nb4 11. b3 Bg4 12. Nh4 Qc8 13. Rac1 Bh3 14.
f4 Bxg2 15. Kxg2 e4 16. Nd1 c6 17. Ne3 g6 18. Qd4 Qd8 19. a3 c5 20. Qb2 Na6 21.
h3 Nc7 22. a4 Nce8 23. Kh2 Ng7 24. Nhg2 Nd7 25. g4 f5 26. g5 Nh5 27. Rf2 Qe7 28. Rg1 Ra6 29. Nh4 Rb6 30. Qc2 Qg7 31.
Rd1 Nb8 32. Nhg2 Na6 33. Rb1 Nb4 34. Qd2 Qd4 35. Qe1 Na2 36. Rf1 Qc3 37. Qd1 Qg7 38.
Qd2 Nc3 39. Rb2 Nxa4 40. Ra2 Nc3 41. Rxa5 Rxb3 42. Rfa1 Nxf4 43. Nxf4 Qe5 44. Ng2 e3 45. Qc2 Rb4 46. Ra8 Nxe2 47. Qxe2 Rb2 48. Rxf8+ Kxf8 49. Ra8+ Kg7 50. Qf3 e2 51. Qg3 e1=Q 52. Ne6+ Kf7 53.
Rf8+ Ke7 0-1

[Event "*** Titled Tuesday Blitz"]
[Site "Chess.com"]
[Date "2020.04.21"]
[Round "8"]
[White "Diego_FloresQ"]
[Black "AniJak"]
[Result "1-0"]
[WhiteElo "2418"]
[BlackElo "2261"]
[TimeControl "180+1"]
[EndTime "11:39:44 PDT"]
[Termination "Diego_FloresQ won by resignation"]

1. e4 c6 2. d4 d5 3. Nc3 dxe4 4. Nxe4 Nf6 5. Nxf6+ gxf6 6. Nf3 Bg4 7. Be3 e6 8. g3 Qd5 9. Bg2 Qb5 10. b3 Nd7 11.
c4 Bb4+ 12. Kf1 Qa5 13. h3 Bxf3 14. Bxf3 e5 15. a3 Bc3 16. Ra2 O-O 17. Be4 exd4 18. Bh6 f5 19. Qh5 Kh8 20. Bxf8 Nxf8 21. Qxf5 Qxf5 22.
Bxf5 Rd8 23. Kg2 Ng6 24. Rd1 Ne7 25. Be4 f5 26. Bd3 c5 27. Re2 Rd7 28. Re5 Kg7 29.
Rxc5 Kf6 30. Rb5 b6 31. Bc2 Bb2 32. Rd3 Bxa3 33. b4 Bb2 34. Rf3 Rc7 35. Bxf5 Nxf5 36. Rbxf5+ Kg7 37. Rd5 Rxc4 38. Rd7+ Kg6 39. Rxa7 Rxb4 40.
Ra6 Bc3 41. g4 Rb5 42. h4 Ba5 43. Rd3 Rd5 44. Ra7 Rd6 45. Rb7 Kf6 46. f4 Ke6 47.
Kf3 Kd5 48. Rxh7 Kc4 49. Rd1 d3 50. Rc7+ Kb3 51. Ke3 d2 52. h5 Re6+ 53. Kd3 Re1 54. Rxd2 Bxd2 55. Kxd2 Rf1 56. Rf7 Rg1 57. g5 Kc4 58. h6 b5 59. h7 Rh1 60. g6 b4 61.
g7 Rh2+ 62. Ke3 Rh3+ 63. Ke4 b3 64. g8=Q 1-0

[Event "*** Titled Tuesday Blitz"]
[Site "Chess.com"]
[Date "2020.04.21"]
[Round "8"]
[White "Anaj14"]
[Black "profofchess"]
[Result "0-1"]
[WhiteElo "2186"]
[BlackElo "2363"]
[TimeControl "180+1"]
[EndTime "11:39:45 PDT"]
[Termination "profofchess won on time"]

1. g3 d5 2. Bg2 Nc6 3. c4 d4 4. e4 e5 5. d3 Nf6 6. Ne2 Bb4+ 7. Nd2 O-O 8. O-O a5 9. h3 a4 10. a3 Bc5 11. f4 exf4 12. Nxf4 Ne5 13. Nf3 Nxf3+ 14. Qxf3 Nd7 15. Bd2 Ne5 16. Qe2 f6 17.
Bb4 Qd6 18. Qd2 c6 19. Kh2 Bd7 20. Bxc5 Qxc5 21. Rfd1 Ra6 22. Qb4 b6 23. Rac1 Qxb4 24.
axb4 a3 25. b3 a2 26. Ra1 Ra3 27. Rd2 Rfa8 28. Rb2 Kf7 29. Bf1 g5 30. Nh5 Kg6 31. g4 Bxg4 32. hxg4 Nxg4+ 33. Kg3 Ne3 34. Be2 f5 35.
exf5+ Nxf5+ 36. Kf2 Ne3 37. Ng3 c5 38. bxc5 bxc5 39. Ne4 R8a5 40. b4 cxb4 41. Rxb4 h5 42. Rb6+ Kf5 43. Ng3+ Ke5 44. Rb2 h4 45. Ne4 g4 46. c5 Kf4 47. c6 Ra8 48. c7 Rc8 49. Raxa2 Rxa2 50. Rxa2 Rxc7 51. Ra6 g3+ 52. Ke1 h3 53.
Rf6+ Ke5 54. Rh6 Rc1+ 55. Kd2 Rc2+ 56. Ke1 Rc1+ 57. Kd2 g2 58. Rg6 g1=Q 59. Rxg1 Rxg1 0-1

[Event "*** Titled Tuesday Blitz"]
[Site "Chess.com"]
[Date "2020.04.21"]
[Round "8"]
[White "czasnaszachy"]
[Black "avocadosheena"]
[Result "1/2-1/2"]
[WhiteElo "2305"]
[BlackElo "2116"]
[TimeControl "180+1"]
[EndTime "11:39:47 PDT"]
[Termination "Game drawn by repetition"]

1. d4 Nf6 2. c4 e6 3. Nc3 Bb4 4. e3 c5 5. Ne2 cxd4 6. exd4 d5 7. a3 Be7 8. c5 b6 9. b4 a5 10. Bd2 Bd7 11. Ng3 O-O 12. Bd3 Nc6 13. Nce2 e5 14. b5 Nxd4 15. Nxd4 exd4 16. c6 Be6 17. O-O Bc5 18.
Bg5 h6 19. Bf4 Bd6 20. Bxd6 Qxd6 21. Nf5 Qc5 22. a4 Bxf5 23. Bxf5 Ne4 24. Bxe4 dxe4 25.
Qd2 f5 26. Rac1 Qd6 27. Rfd1 d3 28. Qc3 Qf6 29. Qxf6 Rxf6 30. f3 Rc8 31. Kf2 Rd6 32. Ke3 Re6 33. fxe4 fxe4 34. g3 Kf7 35. Rd2 Ke7 36.
Rc4 Kd6 37. Rxe4 Rxe4+ 38. Kxe4 Kc5 39. Rxd3 Kb4 40. Rd4+ Kb3 41. Ke5 Re8+ 42. Kd5 Rd8+ 43. Ke5 Re8+ 44. Kf4 Rf8+ 45. Ke4 Re8+ 46. Kd3 Rc8 47.
Ke3 Re8+ 48. Re4 Rc8 49. Kd4 Kxa4 50. Kd5+ Kxb5 51. Kd6 Rxc6+ 52. Kd5 Rc5+ 53. Kd6 Rc4 54. Re5+ Rc5 55. Re7 g5 56. Rh7 Rc6+ 57. Kd5 Rf6 58.
Rb7 Ka6 59. Rb8 b5 60. Ra8+ Kb6 61. Rb8+ Ka6 62. Ra8+ Kb6 63. Rb8+ Ka6 1/2-1/2

[Event "*** Titled Tuesday Blitz"]
[Site "Chess.com"]
[Date "2020.04.21"]
[Round "8"]
[White "regular_legs"]
[Black "GMBenjaminBok"]
[Result "1/2-1/2"]
[WhiteElo "2598"]
[BlackElo "2876"]
[TimeControl "180+1"]
[EndTime "11:39:48 PDT"]
[Termination "Game drawn by repetition"]

1. d4 Nf6 2. c4 e6 3. Nc3 Bb4 4. f3 d5 5. a3 Be7 6. e4 dxe4 7. fxe4 c5 8. d5 exd5 9. exd5 O-O 10.
Be2 Bf5 11. Nf3 a6 12. O-O Bg6 13. Nh4 Re8 14. Nf5 Bf8 15. Bg5 Nbd7 16. Bd3 Qb6 17. Qd2 Ng4 18. Be2 Nge5 19. Kh1 Qb3 20. Ne3 Bd6 21. Rf2 f6 22. Bf4 Re7 23. Bd1 Qb6 24. Bc2 Rae8 25. Bxg6 hxg6 26. Re1 Qb3 27. Qd1 Qxd1 28. Rxd1 Nf7 29. Nc2 Bxf4 30. Rxf4 Nd6 31. b3 b5 32. cxb5 axb5 33. a4 b4 34. Nb5 Nxb5 35. axb5 Re2 36. Rc4 Kf7 37. Kg1 Rb8 38.
Kf1 Re5 39. Ra1 Rxb5 40. Ra7 Rxd5 41. Ne3 Rd6 42. Re4 Rb8 43. Nc4 Rd5 44. Ne3 Rd6 45.
Nc4 Rd5 46. Ne3 Rd2 47. Nc4 Rd1+ 48. Ke2 Rd5 49. Ne3 Rd6 50. Nc4 Rd5 51. Ne3 Rd6 52.
Nc4 Rd5 1/2-1/2

[Event "*** Titled Tuesday Blitz"]
[Site "Chess.com"]
[Date "2020.04.21"]
[Round "8"]
[White "tigra"]
[Black "Volodar_Murzin"]
[Result "1-0"]
[WhiteElo "2779"]
[BlackElo "2641"]
[TimeControl "180+1"]
[EndTime "11:39:49 PDT"]
[Termination "tigra won by resignation"]

1. e4 g6 2. d4 Bg7 3. Nc3 d6 4. Bc4 Nf6 5. Nf3 O-O 6. Bb3 Nc6 7. h3 e5 8. dxe5 dxe5 9. O-O Be6 10. Bxe6 fxe6 11.
Bg5 Qe7 12. Qe1 h6 13. Bxf6 Rxf6 14. Ne2 Raf8 15. Rd1 Rxf3 16. gxf3 Qg5+ 17. Kh2 Nd4 18. Ng1 Qf4+ 19. Kg2 Qg5+ 20. Kh1 Qh5 21. Rd3 Nxc2 22. Qa5 Nd4 23. Qxc7 Nxf3 24. Qd7 Ng5 25. Qxb7 Qh4 26. Qc6 Nxe4 27. Qxe6+ Kh8 28. Rf3 Rd8 29. Qg4 Qxg4 30. hxg4 Nd2 31. Rd1 e4 32. Rf7 Bxb2 33. Rxa7 Rd4 34.
Rb7 Ba3 35. Rb8+ Kg7 36. Rb6 h5 37. Ne2 Rd3 38. Rxg6+ Kxg6 39. Nf4+ Kg5 40. Nxd3 Nf3 41. Nc5 Kxg4 42. Nxe4 Kf4 43. Ng3 h4 44. Rd3 hxg3 45.
fxg3+ Ke4 46. Rxa3 Ne5 47. Ra4+ Kd5 48. Kg2 Kc5 49. Ra5+ Kd4 50. Rxe5 Kxe5 51. a4 Kd4 52. a5 Kc5 53. g4 Kb5 54. g5 Kxa5 55. g6 Kb6 56. g7 Kc5 57. g8=Q Kd4 58. Qe6 Kc3 1-0